Map: Ascension to Aiur LE

Players

Lambo

  • Race: Zerg Zerg
  • League: Master
  • Spawn Location: 11:00

DeMusliM - Winner!

  • Race: Terran Terran
  • League: Grandmaster
  • Spawn Location: 5:00

Event: WESG Barcelona European Finals 2017

VOD

Have the link to the VOD?

Description

Time

  • Played on: Nov. 24, 2017, 10:44 a.m.
  • Length: 20:44

All games in this series

Show
View Real Time Build Order
Export as new Build Order

Lambo Zerg 

Build Orders: Hatch First 

Get SALT Encoding   

  12  0:01  Drone  
  13  0:14  Overlord  
  13  0:17  Drone  
  14  0:32  Drone x2  
  16  0:36  Drone  
  17  0:51  Hatchery  
  17  0:55  Drone  
  17  0:58  Drone  
  18  1:09  Extractor  
  17  1:12  Spawning Pool  
  17  1:16  Drone  
  17  1:19  Drone  
  18  1:29  Drone  
  19  1:45  Overlord  
  19  1:52  Drone  
  20  1:59  Queen  
  22  2:03  Zergling x2, Queen  
  22  2:04  Zergling x2  
  26  2:09  Metabolic Boost  
  26  2:12  Drone  
  26  2:14  Drone  
  28  2:23  Drone  
  28  2:25  Drone  
  30  2:38  Hatchery  
  30  2:40  Drone  
  30  2:45  Pneumatized Carapace  
  30  2:48  Drone  
  31  2:53  Overlord  
  31  2:56  Drone  
  32  2:58  Drone  
  32  3:02  Drone  
  34  3:08  Drone x2  
  36  3:14  Drone x3  
  36  3:17  Queen  
  41  3:22  Overlord  
  41  3:23  Drone  
  41  3:26  Drone  
  43  3:28  Drone  
  44  3:40  Baneling Nest  
  43  3:42  Queen  
  43  3:45  Drone x2, Overlord  
  43  3:47  Drone x2  
  49  3:57  Drone  
  49  4:02  Overlord  
  50  4:03  Queen x2  
  50  4:06  Drone x2  
  50  4:09  Spore Crawler  
  55  4:12  Zergling x4  
  55  4:15  Zergling x2  
  58  4:20  Overlord  
  58  4:22  Queen  
  58  4:23  Zergling x2  
  61  4:31  Baneling x2  
  61  4:32  Baneling x2, Zergling x6  
  61  4:34  Drone  
  61  4:38  Drone x2  
  64  4:42  Zergling x4  
  64  4:45  Baneling x3  
  64  4:49  Zergling x6  
  65  4:59  Drone x3  
  65  5:01  Drone x2  
  65  5:05  Drone x2  
  66  5:07  Baneling  
  66  5:08  Drone  
  66  5:13  Queen  
  69  5:14  Drone  
  69  5:16  Drone  
  69  5:17  Extractor  
  69  5:20  Drone  
  71  5:25  Lair, Drone  
  71  5:27  Drone  
  72  5:35  Drone, Overlord  
  73  5:36  Overlord x2  
  73  5:37  Overlord  
  73  5:38  Hatchery  
  72  5:42  Roach Warren  
  72  5:43  Overlord  
  72  5:45  Drone x2  
  73  5:52  Extractor  
  73  5:53  Overlord, Extractor  
  73  5:54  Extractor  
  73  5:55  Zergling x6, Extractor  
  73  5:56  Drone x3  
  73  5:57  Drone  
  75  6:04  Drone  
  75  6:07  Drone  
  75  6:08  Drone  
  75  6:10  Drone x3  
  81  6:15  Drone x2  
  81  6:17  Drone x2  
  85  6:22  Drone x2  
  87  6:26  Roach x3  
  87  6:27  Roach  
  87  6:31  Roach, Glial Reconstitution  
  97  6:35  Drone  
  97  6:36  Hydralisk Den  
  97  6:37  Roach  
  97  6:39  Roach x2  
  105  6:40  Roach  
  105  6:44  Roach x4  
  113  6:50  Roach  
  113  6:51  Roach x2  
  113  6:52  Infestation Pit  
  113  6:53  Overlord  
  118  6:56  Queen  
  118  6:57  Roach  
  122  7:03  Roach x2  
  122  7:06  Muscular Augments  
  126  7:10  Drone x2  
  126  7:12  Evolution Chamber x2  
  126  7:13  Baneling  
  126  7:14  Baneling x2, Roach x2  
  126  7:15  Zergling x8, Roach  
  136  7:22  Roach x2  
  135  7:26  Drone x3  
  129  7:30  Drone  
  129  7:31  Drone x2  
  129  7:32  Drone x4  
  129  7:36  Hive  
  133  7:38  Drone x3  
  136  7:45  Overlord  
  136  7:48  Zerg Missile Weapons Level 1, Zerg Ground Armor Level 1  
  136  7:53  Overlord  
  136  7:54  Drone, Extractor  
  136  7:55  Extractor  
  136  7:56  Overlord  
  135  8:00  Overlord  
  135  8:05  Drone  
  136  8:06  Overlord  
  136  8:13  Baneling x4  
  136  8:15  Drone  
  136  8:16  Drone x2  
  136  8:17  Hydralisk x3  
  136  8:18  Hydralisk  
  147  8:23  Hydralisk x2  
  150  8:28  Hatchery  
  150  8:29  Hydralisk x3  
  150  8:33  Hydralisk  
  150  8:34  Hydralisk x2  
  155  8:39  Overlord  
  155  8:40  Hydralisk x2  
  164  8:43  Hydralisk  
  165  8:48  Hydralisk  
  165  8:52  Overlord x2  
  167  8:58  Evolution Chamber x2, Overlord  
  167  8:59  Viper x2  
  167  9:01  Hydralisk x2  
  174  9:12  Spine Crawler x2  
  174  9:16  Hydralisk x4  
  174  9:17  Hydralisk  
  174  9:21  Viper  
  185  9:33  Viper  
  185  9:35  Hydralisk  
  190  9:51  Zerg Ground Armor Level 2, Zerg Missile Weapons Level 2, Overseer  
  190  9:52  Overlord  
  188  9:57  Hydralisk x2  
  188  9:58  Hydralisk x2  
  196  10:08  Hydralisk  
  196  10:12  Hydralisk  
  200  10:16  Hatchery  
  200  10:19  Overlord  
  199  10:23  Spine Crawler  
  194  10:30  Viper  
  194  10:31  Viper  
  200  10:42  Drone, Extractor  
  200  10:43  Evolution Chamber, Extractor, Overlord  
  200  10:44  Evolution Chamber x2  
  200  10:46  Spire  
  195  11:02  Hydralisk x7  
  197  11:04  Hydralisk  
  199  11:20  Overlord  
  199  11:46  Ultralisk Cavern  
  188  11:50  Hydralisk  
  188  11:51  Hydralisk x20  
  197  12:02  Greater Spire  
  197  12:04  Zerg Melee Weapons Level 1  
  197  12:09  Drone x3  
  197  12:13  Evolution Chamber  
  199  12:15  Spine Crawler  
  199  12:22  Extractor  
  197  12:24  Overseer  
  197  12:26  Extractor  
  197  12:28  Zerg Missile Weapons Level 3, Zerg Ground Armor Level 3  
  196  12:31  Overseer  
  196  12:39  Chitinous Plating  
  196  12:54  Pathogen Glands  
  188  13:17  Hydralisk x16  
  199  13:24  Hydralisk x5  
  199  13:27  Viper  
  199  13:30  Viper, Overlord  
  192  13:38  Zerg Flyer Armor Level 1, Overlord x2  
  192  13:47  Viper  
  195  13:58  Viper  
  198  14:08  Queen  
  200  14:19  Zerg Melee Weapons Level 2  
  200  14:32  Evolution Chamber  
  200  14:33  Drone  
  193  14:47  Viper  
  196  14:55  Drone x3, Spire  
  196  14:57  Drone  
  199  15:01  Hydralisk  
  199  15:02  Hydralisk x2  
  199  15:06  Ultralisk  
  197  15:13  Spine Crawler  
  196  15:15  Overseer x2  
  196  15:21  Overlord  
  196  15:32  Zerg Flyer Weapons Level 1  
  196  15:35  Viper  
  185  15:36  Hydralisk x6  
  194  15:58  Ultralisk  
  198  16:10  Hydralisk x4, Viper  
  198  16:11  Hydralisk x15  
  170  16:16  Hydralisk x10  
  195  16:19  Hydralisk x2  
  195  16:22  Viper  
  198  16:33  Viper  
  198  16:38  Viper  
  200  16:55  Zerg Melee Weapons Level 3  
  193  17:30  Extractor  
  180  17:47  Ultralisk x3  
  180  17:48  Drone x9  
  189  18:19  Ultralisk  
  183  18:20  Overlord, Ultralisk  
  183  18:21  Overlord x2  
  181  18:31  Drone x3  
  181  18:32  Drone x5  
  182  18:37  Ultralisk  
  182  18:38  Overlord  
  182  18:40  Hatchery  
  187  18:41  Overlord  
  187  18:53  Overlord  
  185  19:06  Ultralisk x3  
  199  19:16  Ultralisk  
  197  19:21  Overlord  
  197  19:22  Overlord  
  197  19:23  Overlord  
  193  19:26  Overlord  
  193  19:28  Overlord  
  193  19:32  Overlord  
  193  19:40  Overlord  
  193  19:46  Overlord  
  193  19:49  Hydralisk  
  193  19:50  Hydralisk  
  193  19:52  Overlord x2  
  191  19:53  Hydralisk x5  
  165  20:02  Hydralisk  
  165  20:03  Hydralisk x11  
  189  20:08  Hydralisk x2  
  189  20:11  Hydralisk  
  181  20:18  Hydralisk  
  181  20:19  Hydralisk  
Show
View Real Time Build Order
Export as new Build Order

DeMusliM Terran - Winner!

Build Orders: Liberator Opening, Mech 

Get SALT Encoding   

  12  0:00  SCV  
  13  0:12  SCV  
  14  0:17  Supply Depot  
  14  0:24  SCV  
  15  0:29  Refinery  
  15  0:38  SCV  
  16  0:45  Barracks  
  16  0:50  SCV  
  17  1:03  SCV  
  18  1:15  SCV  
  19  1:31  Orbital Command  
  19  1:32  Marine  
  20  1:41  Command Center  
  20  1:50  Factory  
  20  1:57  SCV  
  20  1:59  Barracks Reactor  
  21  2:05  Supply Depot  
  21  2:09  SCV  
  21  2:13  Refinery  
  22  2:21  SCV  
  23  2:33  SCV  
  23  2:36  Starport, Marine x2  
  26  2:43  Widow Mine  
  28  2:45  SCV  
  29  2:53  Orbital Command  
  29  2:54  Marine  
  29  2:55  Marine  
  29  2:58  SCV  
  32  3:10  SCV  
  33  3:15  Medivac  
  33  3:18  Hellion  
  39  3:20  Hellion  
  39  3:22  SCV, Marine  
  39  3:24  SCV  
  42  3:29  Supply Depot  
  42  3:33  Liberator  
  42  3:35  Armory  
  42  3:51  Hellion x2  
  42  3:53  Supply Depot  
  42  3:54  SCV  
  50  3:57  SCV  
  51  4:06  SCV  
  51  4:09  SCV  
  53  4:15  Hellion x2  
  57  4:22  SCV x2  
  57  4:24  Supply Depot  
  59  4:36  Hellion  
  61  4:39  Hellion  
  60  4:47  Factory  
  60  4:48  Factory  
  58  4:53  SCV x2  
  58  4:58  Hellion  
  55  5:00  Hellion  
  51  5:11  SCV x2  
  51  5:13  Command Center  
  51  5:19  Hellion  
  53  5:22  Hellion  
  53  5:23  SCV x2, Refinery  
  54  5:29  Refinery  
  54  5:33  Factory Tech Lab x2  
  54  5:35  SCV x2  
  56  5:39  Starport Reactor  
  56  5:47  SCV x2  
  56  5:48  Supply Depot  
  58  5:58  Thor x2  
  58  6:03  Supply Depot  
  70  6:10  SCV x2, Hellion x2  
  76  6:12  Supply Depot  
  76  6:16  Medivac x2  
  80  6:22  SCV  
  80  6:25  SCV  
  83  6:26  Orbital Command  
  83  6:32  Hellion x2  
  86  6:34  SCV, Supply Depot  
  86  6:37  SCV, Terran Vehicle Weapons Level 1  
  86  6:38  Armory  
  88  6:43  Hellion x2  
  92  6:48  Orbital Command  
  92  6:52  SCV  
  92  6:54  SCV  
  94  6:57  Infernal Pre-Igniter  
  94  6:58  Hellion  
  94  6:59  Hellion  
  98  7:04  SCV  
  98  7:06  SCV, Siege Tank  
  103  7:14  SCV  
  104  7:16  SCV  
  104  7:18  SCV  
  104  7:20  Siege Tank  
  95  7:36  SCV x2  
  93  7:37  Hellion x2  
  93  7:38  SCV, Siege Tank  
  93  7:40  Refinery  
  93  7:41  Refinery  
  93  7:45  Terran Vehicle And Ship Armor Level 1  
  93  7:48  SCV x2  
  93  7:50  SCV  
  96  7:51  Factory  
  96  7:53  Factory  
  96  8:00  SCV  
  96  8:04  Siege Tank  
  100  8:07  SCV  
  100  8:08  Supply Depot  
  100  8:09  Hellion  
  100  8:10  Hellion  
  100  8:12  Siege Tank  
  108  8:13  SCV x2  
  108  8:16  Supply Depot  
  108  8:19  SCV  
  111  8:21  Viking x2  
  111  8:25  SCV x2  
  117  8:31  SCV  
  117  8:32  Supply Depot  
  118  8:36  Hellion x2, Siege Tank  
  118  8:37  Factory Reactor, Factory Tech Lab  
  125  8:47  Command Center  
  125  8:57  Siege Tank  
  125  8:58  SCV x2, Hellion x2, Siege Tank  
  125  9:00  Supply Depot  
  125  9:01  Supply Depot  
  137  9:08  SCV  
  134  9:16  Siege Tank  
  134  9:17  Hellion x2  
  141  9:19  Hellion  
  141  9:21  SCV x2  
  145  9:25  Engineering Bay  
  145  9:26  Supply Depot x2  
  145  9:28  Terran Vehicle Weapons Level 2, Viking x2  
  145  9:29  Siege Tank  
  152  9:33  SCV  
  153  9:40  Terran Vehicle And Ship Armor Level 2  
  153  9:42  Hellion x2  
  153  9:43  Hellion x2  
  161  9:48  Smart Servos  
  164  9:52  Siege Tank  
  164  9:53  Hellion  
  164  9:59  Supply Depot  
  166  10:00  Supply Depot  
  166  10:02  Hellion  
  168  10:07  Missile Turret  
  168  10:08  Missile Turret  
  168  10:09  Missile Turret  
  168  10:11  Missile Turret  
  168  10:14  Siege Tank, Missile Turret  
  168  10:16  Missile Turret  
  168  10:17  Viking  
  173  10:23  Siege Tank  
  173  10:25  Siege Tank  
  173  10:26  Hellion x2  
  180  10:34  Viking  
  181  10:35  Hellion  
  181  10:41  Hellion  
  183  10:46  Siege Tank  
  183  10:47  Hellion, Viking  
  183  10:48  Hellion  
  192  10:55  Siege Tank  
  195  10:59  Sensor Tower  
  187  11:06  Viking  
  183  11:17  Viking  
  185  11:30  Missile Turret x2  
  185  11:31  Missile Turret  
  185  11:36  Viking  
  183  11:41  Hellion, Siege Tank x2  
  183  11:42  Siege Tank  
  188  11:49  Hellion x2  
  188  11:51  Viking  
  184  12:06  Viking  
  184  12:07  Hellion x2  
  190  12:10  Terran Vehicle Weapons Level 3, Command Center  
  190  12:13  Siege Tank  
  190  12:14  Refinery  
  193  12:16  Refinery  
  193  12:20  Missile Turret x2  
  193  12:24  Terran Vehicle And Ship Armor Level 3  
  193  12:29  Starport  
  193  12:37  Planetary Fortress  
  193  12:49  Siege Tank x2  
  199  12:53  Hellion x8  
  199  13:04  Siege Tank  
  199  13:05  Orbital Command  
  164  13:21  Siege Tank x2  
  164  13:24  Hellion x4  
  164  13:26  Viking  
  164  13:27  Starport Tech Lab, Viking  
  171  13:36  Siege Tank  
  174  13:43  Refinery  
  174  13:48  Hellion x4  
  182  13:49  Raven  
  182  13:53  Siege Tank  
  187  14:05  Siege Tank  
  187  14:08  Siege Tank  
  187  14:09  Hellion  
  199  14:10  Hellion x2  
  199  14:16  Sensor Tower  
  199  14:31  Starport  
  199  14:34  Planetary Fortress  
  199  14:36  Missile Turret  
  199  14:38  Missile Turret  
  199  14:40  Missile Turret  
  193  14:47  Siege Tank x2  
  193  14:48  Raven, Siege Tank  
  196  15:11  Hellion x2  
  198  15:33  Siege Tank  
  198  15:34  Raven, Viking, Siege Tank x2  
  199  15:36  Terran Ship Weapons Level 1  
  199  15:48  Starport Reactor  
  199  16:11  Hellion x2, Siege Tank x2  
  174  16:12  Siege Tank  
  174  16:14  Viking x2  
  174  16:17  Raven  
  146  16:20  Hellion x2  
  147  16:26  Refinery  
  147  16:28  Refinery  
  147  16:29  Command Center  
  147  16:43  Siege Tank x2  
  147  16:44  Siege Tank  
  147  16:45  Hellion x4  
  164  16:47  Viking  
  164  16:48  Viking  
  168  17:06  Hellion  
  168  17:08  Hellion x3  
  176  17:09  Raven, Viking x2  
  176  17:15  Siege Tank  
  185  17:21  Siege Tank  
  185  17:22  Siege Tank  
  173  17:47  Siege Tank  
  171  17:51  Viking x2  
  171  17:54  Siege Tank x2  
  171  17:57  Refinery  
  173  18:07  Viking x2  
  173  18:08  Terran Ship Weapons Level 2  
  173  18:10  Hellion x4  
  180  18:19  Siege Tank  
  178  18:26  Hellion, Siege Tank  
  181  18:29  Viking  
  181  18:31  Hellion x2  
  183  18:35  Hellion  
  183  18:36  SCV x2, Hellion  
  185  18:47  Siege Tank  
  188  18:51  Refinery, Siege Tank  
  188  18:52  Hellion x2  
  195  19:01  Siege Tank  
  195  19:02  Hellion  
  200  19:07  Hellion  
  192  19:14  Hellion x2  
  189  19:19  Siege Tank  
  189  19:23  Hellion, Siege Tank  
  188  19:29  Hellion  
  184  19:33  Siege Tank  
  184  19:35  Hellion  
  189  19:40  Hellion  
  189  19:45  Hellion, Orbital Command  
  193  19:51  Siege Tank  
  184  19:55  Siege Tank  
  184  19:56  Hellion  
  175  20:05  Siege Tank  
  178  20:12  SCV x3  
  152  20:28  SCV  
  152  20:29  SCV x2  
Tags
 
Add a new tag
Caveats
  • Supply blocks, unpowered buildings, or Contaminate may cause inaccurate times.
  • Supply counts are checked every 10 seconds.